 Dungeon Crawl Stone Soup version 0.31.0-9-g3a7656b989 (webtiles) character file.

Game seed: 5643518622575499297

296 Killerpretzel the Changeling (level 6, -2/61 HPs)
             Began as an Octopode Shapeshifter on Feb 6, 2024.
             Slain by a gnoll
             ... wielding a +0 halberd
              (8 damage)
             ... on level 3 of the Dungeon.
             The game lasted 00:07:43 (2904 turns).

Killerpretzel the Changeling (OpSh)                 Turns: 2904, Time: 00:07:44

Health: -2/61      AC: 27    Str: 14    XL:     6   Next: 34%
Magic:  6/6        EV:  2    Int: 12    God:
Gold:   193        SH:  0    Dex: 13    Spells: 5/5 levels left

rFire   . .          .
                       - Unarmed
rCold   . . .        (no shield)
rNeg    + . .        (helmet currently unavailable)
rPois   +            (no amulet)
rElec   .            f - +4 ring of protection
rCorr   .            l - ring of positive energy
SInv    .            (no ring)
Will    .....        (no ring)
Stlth   +            (no ring)
HPRegen 0.30/turn    (no ring)
MPRegen 0.10/turn    (no ring)
                     (no ring)

%: no passive effects
@: tree-form
A: stationary, stasis, torment immunity, boosted hp, almost no armour,
(amphibious), 8 rings, (camouflage 1), (gelatinous body 1), (nimble swimmer 1),
(tentacles)
a: no special abilities


You were on level 3 of the Dungeon.
You were a tree.
You visited 1 branch of the dungeon, and saw 3 of its levels.

You collected 193 gold pieces.

Inventory:

Jewellery
 f - a +4 ring of protection (left branch)
 l - a ring of positive energy (right branch)
Talismans
 b - a beast talisman
 c - a flux talisman
Scrolls
 i - a scroll of identify
 k - a scroll of silence {unknown}
Potions
 a - a potion of lignification
 d - a potion of might
 g - a potion of brilliance {unknown}
 h - a potion of heal wounds {unknown}
 j - a potion of invisibility {unknown}


   Skills:
 + Level 2.7 Fighting
 + Level 3.4 Dodging
 + Level 4.0 Unarmed Combat
 * Level 4.6 Shapeshifting


You had 5 spell levels left.
You didn't know any spells.
Your spell library contained the following spells:

 Spells                   Type           Power      Damage    Failure   Level
 Summon Small Mammal      Summ           0%         N/A       32%         1
 Sculpt Simulacrum        Ice/Alch       0%         N/A       100%        6
 Ozocubu's Refrigeration  Ice            0%         4d7       100%        7
 Polar Vortex             Ice            0%         N/A       100%        9


Dungeon Overview and Level Annotations

Branches:
Dungeon (3/15)

Altars:
Kikubaaqudgha
Sif Muna
Vehumet

Shops:
D:2 [


Innate Abilities, Weirdness & Mutations

You are a tree.
Your roots penetrate the ground, keeping you stationary.
You cannot be teleported.
You are immune to unholy pain and torment.
Your maximum health is greatly increased.
You cannot wear most types of armour.
((You are amphibious.))
You can wear up to eight rings at the same time.
((Your skin changes colour to match your surroundings (Stealth+).))
((Your rubbery body absorbs attacks. (AC +1, EV +1)))
((You are camouflaged when in or above water. (Stealth+)))
((You have tentacles for arms and can constrict up to eight enemies at once.))


Message History

The gnoll hits you but does no damage. The gnoll misses you.
There are monsters nearby!
You tentacle-slap the gnoll but do no damage.
Your grab misses the gnoll. The gnoll hits you with a +0 flail!
The gnoll misses you.
There are monsters nearby!
You closely miss the gnoll. Your grab misses the gnoll. The gnoll misses you.
The gnoll barely misses you.
There are monsters nearby!
You tentacle-slap the gnoll. You grab the gnoll.
The gnoll is lightly wounded.
You constrict the gnoll. The gnoll hits you but does no damage.
The gnoll barely misses you.
You tentacle-slap the gnoll but do no damage.
You squeeze the gnoll, but do no damage.
The gnoll is moderately wounded.
You constrict the gnoll, but do no damage.
The gnoll misses you.
The gnoll hits you from afar with a +0 halberd!
* * * LOW HITPOINT WARNING * * *
You tentacle-slap the gnoll.
The gnoll is moderately wounded.
You constrict the gnoll. The gnoll hits you with a +0 flail!
* * * LOW HITPOINT WARNING * * *
The gnoll closely misses you.
Your transformation has ended.
You turn into a tree.
Your roots penetrate the ground.
You lose your grip on the gnoll.
The gnoll hits you but does no damage. x2
You smack the gnoll!
You kill the gnoll!
The gnoll hits you but does no damage. The gnoll hits you but does no damage.
The gnoll hits you from afar with a +0 halberd.
* * * LOW HITPOINT WARNING * * *
The gnoll barely misses you. The gnoll hits you but does no damage.
As you read the scroll of summoning, it crumbles to dust.
Wisps of shadow whirl around you...
The gnoll hits you from afar with a +0 halberd!
You die...

.....................#######.....
##...#.####....##................
.................................
##...#.........#.#...............
#...#.........#.#.....)....#####
#...#.......###.#.........§# ###
#...#....>......g..........# #..
#####.#####.###S#..........###..
#......)...# #♣#..........'.#..
#.......#### #l#..........#.#..
#.......######g#.....[.........
#.......##....r...g............
#.......##........)........#.#.
#.....).##.......r.........#...
#.......##.................###.
#..........................# ##
#.........#....#...........#


You could see a gnoll (ally target), a rat, a friendly goblin (summoned), a
friendly ball python (summoned) and a friendly frilled lizard (summoned).

Vanquished Creatures
  Grinder (D:3)
  3 gnolls
  2 adders
  A ribbon worm (D:2)
  An orc (D:2)
  5 ball pythons
  6 endoplasms
  5 goblins
  2 hobgoblins
  2 jackals (D:2)
  3 quokkas
  5 bats
  3 frilled lizards
  4 kobolds (D:2)
  2 rats (D:1)
45 creatures vanquished.

Notes
Turn   | Place    | Note
-------+----------+-------------------------------------------
     0 | D:1      | Killerpretzel the Octopode Shapeshifter began the quest for
                  | the Orb.
     0 | D:1      | Reached XP level 1. HP: 13/13 MP: 1/1
   567 | D:1      | Reached XP level 2. HP: 18/18 MP: 2/2
   791 | D:1      | You fall into a shaft and drop 1 floor!
   993 | D:2      | Found Aguget's Antique Armour Boutique.
  1021 | D:2      | Reached XP level 3. HP: 17/23 MP: 3/3
  1994 | D:3      | Noticed Grinder
  2004 | D:2      | Reached XP level 4. HP: 18/29 MP: 4/4
  2064 | D:3      | Paralysed by Grinder for 5 turns
  2071 | D:3      | Killed Grinder
  2072 | D:3      | Reached XP level 5. HP: 11/35 MP: 5/5
  2072 | D:3      | Reached XP level 6. HP: 13/41 MP: 6/6
  2539 | D:3      | Found a radiant altar of Vehumet.
  2544 | D:3      | Found an ancient bone altar of Kikubaaqudgha.
  2546 | D:3      | Found a shimmering blue altar of Sif Muna.
  2554 | D:3      | Got Sif Muna's Lessons on the Legion
  2904 | D:3      | Slain by a gnoll

Illustrated notes

Levels and vault maps discovered:
D:1:      dpeg_arrival_simpleton_a, layout_basic
D:2:      minmay_kobold_bridge, layout_basic, serial_shops, shop,
          cheibrodos_gnoll_hut
D:3:      layout_basic, grunt_temple_overflow_magic_moments, dk_vineyard_3,
          uniq_grinder

Skill      XL: |  1  2  3  4  5  6 |
---------------+-------------------+-----
Fighting       | 2 |  2.7
Dodging        | 3 |  3.4
Shapeshifting  | 4 |  4.6
Unarmed Combat | 4 |  4.0

Action                     |  1- 3 |  4- 6 || total
---------------------------+-------+-------++-------
  Melee: Unarmed           |    70 |    22 ||    92
         Constrict         |    16 |     4 ||    20
         Tentacles         |    11 |     4 ||    15
    Use: Scroll            |     7 |     1 ||     8
         Potion            |       |     2 ||     2
   Stab: Sleeping          |     8 |     3 ||    11
 Armour: Skin              |    31 |    25 ||    56
  Dodge: Dodged            |    49 |    19 ||    68
